 Dungeon Sprint DCSS version 0.15-b1-56-gcd6ed8c (webtiles) character file.

82 zercules the Soul Tainter (level 4, 0/37 HPs)
             Began as a Hill Orc Death Knight on Aug 12, 2014.
             Was a Priest of Yredelemnul.
             Succumbed to an adder's poison
             ... in the Dungeon (Sprint IX: "|||||||||||||||||||||||||||||").
             The game lasted 00:02:05 (104 turns).

zercules the Soul Tainter (Hill Orc Death Knight)    Turns: 104, Time: 00:02:05

HP   0/37        AC  3     Str 15      XL: 4   Next: 43%
MP   7/11        EV 10     Int 12      God: Yredelemnul [***...]
Gold 0           SH  0     Dex 10      Spells:  0 memorised,  3 levels left

rFire  . . .     SeeInvis .     a - +1 spear
rCold  . . .     Clarity  .     b - +0 leather armour
rNeg   . . .     rCorr    .     (no shield)
rPois  .         rRot     .     (no helmet)
rElec  .         Spirit   .     (no cloak)
SustAb .         Warding  .     (no gloves)
rMut   .         NoTele   +     (no boots)
Gourm  .                        (no amulet)
MR     .....                    (no ring)
                                (no ring)

@: lethally poisoned, exhausted, slowed, very slow, not resistant to hostile
enchantments, very unstealthy
A: no striking features
a: Animate Dead, Recall Undead Slaves, Injury Mirror, Renounce Religion


You were in the Dungeon.
You worshipped Yredelemnul.
Yredelemnul was most pleased with you.
You were not hungry.

You visited 1 branch


   Skills:
 - Level 2.4 Fighting
 + Level 6.8 Polearms
 - Level 1.1 Armour
 - Level 0.7 Dodging
 + Level 8.5 Invocations


You had 3 spell levels left.
You didn't know any spells.

Dungeon Overview and Level Annotations

Branches:
Dungeon (1/1)

Altars:

Inventory:

Hand weapons
 a - a +1 spear (weapon)
Armour
 b - a +0 leather armour (worn)
Comestibles
 c - a meat ration
Scrolls
 i - a scroll of blinking
Potions
 f - a potion of haste {@q3}
 g - 2 potions of magic

#.#
#.#
#.#
#(#
#)#
#(#
#.#
#.#
#@#
#)#
#'#
#.#
#.#
#.#
#.#
#.#
#+#


There were no monsters in sight!


Message History

The worker ant is heavily wounded.
You feel sick.
The worker ant bites you but does no damage.
You hit the worker ant.
The worker ant is severely wounded.
You feel sick. The worker ant misses you.
You hit the worker ant.
The worker ant is severely wounded.
The worker ant bites you.
* * * LOW HITPOINT WARNING * * *
You are lethally poisoned!
The worker ant poisons you!
You hit the worker ant but do no damage.
The worker ant is severely wounded.
* * * LOW HITPOINT WARNING * * *
You feel sick. The worker ant bites you.
* * * LOW HITPOINT WARNING * * *
You are more poisoned.
The worker ant poisons you!
You hit the worker ant.
You kill the worker ant!
Yredelemnul accepts your kill.
Your Polearms skill increases to level 6!
Your Invocations skill increases to level 8!
You have reached level 4!
* * * LOW HITPOINT WARNING * * *
You feel sick.
You miss the adder.
* * * LOW HITPOINT WARNING * * *
You feel sick. The adder bites you.
* * * LOW HITPOINT WARNING * * *
Drink which item? (? for menu, Esc to quit)
Okay, then.
Evoke which item? (* to show all) (? for menu, Esc to quit)
Okay, then.
You hit the adder.
The adder is moderately wounded.
* * * LOW HITPOINT WARNING * * *
You feel sick. The adder barely misses you.
You hit the adder.
The adder is severely wounded.
* * * LOW HITPOINT WARNING * * *
You feel sick. The adder bites you.
* * * LOW HITPOINT WARNING * * *
You are more poisoned.
The adder poisons you!
You hit the adder.
You kill the adder!
Yredelemnul accepts your kill.
* * * LOW HITPOINT WARNING * * *
You feel sick.
Drink which item? (? for menu, Esc to quit)
A red film seems to cover your vision as you go berserk!
You feel yourself moving faster!
You feel mighty!
* * * LOW HITPOINT WARNING * * *
You feel sick.
No target in view!
No target in view!
No target in view!
You feel a strong urge to attack something.
* * * LOW HITPOINT WARNING * * *
You feel sick.
* * * LOW HITPOINT WARNING * * *
You feel sick.
You feel your anger subside.
You are no longer berserk.
You are exhausted.
You feel yourself slow down.
You die...
Your body rises from the dead as a mindless zombie.

Action                   |  1- 3 |  4- 6 || total
-------------------------+-------+-------++-------
Melee: Spear             |    40 |     4 ||    44
Invok: Animate Remains   |     2 |       ||     2
       Injury Mirror     |     1 |       ||     1
  Use: Potion            |     2 |     1 ||     3

Vault maps used:
D:        linesprint

Notes
Turn   | Place    | Note
--------------------------------------------------------------
     0 | D        | zercules, the Hill Orc Death Knight, began the quest for the Orb.
     0 | D        | Reached XP level 1. HP: 18/18 MP: 2/2
     6 | D        | Reached skill level 4 in Invocations
    15 | D        | Acquired Yredelemnul's second power
    19 | D        | Reached skill level 3 in Polearms
    58 | D        | Noticed a scorpion
    58 | D        | Noticed a worker ant
    78 | D        | Killed a scorpion
    78 | D        | Reached skill level 5 in Polearms
    78 | D        | Reached skill level 7 in Invocations
    78 | D        | Reached XP level 2. HP: 12/25 MP: 3/6
    78 | D        | Reached XP level 3. HP: 14/30 MP: 4/8
    82 | D        | HP: 6/30 [hobgoblin/club (5)]
    84 | D        | Acquired Yredelemnul's third power
    96 | D        | Killed a worker ant
    96 | D        | Reached skill level 6 in Polearms
    96 | D        | Reached skill level 8 in Invocations
    96 | D        | Reached XP level 4. HP: 13/37 MP: 6/11
    97 | D        | HP: 8/37 [adder (2)]
   100 | D        | HP: 3/37 [poisoned by an adder]
   102 | D        | HP: 1/55 [poisoned by an adder]
   104 | D        | Succumbed to an adder's poison

Vanquished Creatures
  A scorpion (D)
  A worker ant (D)
  An adder (D)
  2 goblins (D)
  2 hobgoblins (D)
  2 kobolds (D)
  A rat (D)
10 creatures vanquished.

Vanquished Creatures (others)
  A goblin zombie (D)
  A kobold zombie (D)
2 creatures vanquished.

Grand Total: 12 creatures vanquished
